 Dungeon Crawl Stone Soup version 0.31-a0-675-g238779eb0a (webtiles) character file.

Game seed: 7625465796346796050

11 ytrimaz the Ruffian (level 2, -3/18 HPs)
             Began as an Octopode Shapeshifter on Sept 5, 2023.
             Slain by a gnoll
             ... wielding a +0 whip
              (9 damage)
             ... on level 1 of the Dungeon.
             The game lasted 00:00:22 (189 turns).

ytrimaz the Ruffian (Octopode Shapeshifter)          Turns: 189, Time: 00:00:23

Health: -3/18      AC:  1    Str: 13    XL:     2   Next: 29%
Magic:  2/2        EV: 13    Int: 12    God:
Gold:   17         SH:  0    Dex: 11    Spells: 1/1 levels left

rFire   . .          .
                       - Unarmed
rCold   . . .        (no shield)
rNeg    . . .        (helmet currently unavailable)
rPois   .            (no amulet)
rElec   .            (no ring)
rCorr   .            (no ring)
SInv    .            (no ring)
Will    .....        (no ring)
Stlth   +++          (no ring)
HPRegen 0.23/turn    (no ring)
MPRegen 0.08/turn    (no ring)
                     (no ring)

%: no passive effects
@: beast-form
A: beast (slay +1), almost no armour, amphibious, 8 rings, camouflage 1,
gelatinous body 1, (nimble swimmer 1), tentacles
a: Begin Untransformation


You were on level 1 of the Dungeon.
You were a hulking beast.
You visited 1 branch of the dungeon, and saw 1 of its levels.

You collected 17 gold pieces.


Innate Abilities, Weirdness & Mutations

You are a hulking beast.
Your limbs bulge with bestial killing power. (Slay +1)
You cannot wear most types of armour.
You are amphibious.
You can wear up to eight rings at the same time.
Your skin changes colour to match your surroundings (Stealth+).
Your rubbery body absorbs attacks. (AC +1, EV +1)
((You are camouflaged when in or above water. (Stealth+)))
You have tentacles for arms and can constrict up to eight enemies at once.


   Skills:
 - Level 1.0 Fighting
 - Level 2.0 Dodging
 + Level 1.4 Stealth
 + Level 3.2 Unarmed Combat
 + Level 3.2 Shapeshifting


You had one spell level left.
You didn't know any spells.
Your spell library was empty.

Inventory:

Talismans
 b - a beast talisman (active)
 c - a flux talisman
 e - a blade talisman
   (You found it on level 1 of the Dungeon)
Scrolls
 d - a scroll of teleportation {unknown}
 f - a scroll of fog {unknown}
Potions
 a - a potion of lignification

Dungeon Overview and Level Annotations

Branches:
Dungeon (1/15) Zot: 5811

Altars:

..... #... ####. ......
## .## # .. #..#$# .
... #..#.#..
..>.####[....
....#......########
......K.!..##.....#
......gh...........
......r.†..##.....#
.........(###.....#
.....###.## #.....#####
.###.###.##
#....)....##
.........###.....#.....
..........##.....#.....
#..........#.....#.....
#........#...####......


You could see a gnoll, a kobold and a rat.


Message History

You have reached level 2! 😎 HP[+5] MP[+1]
You now have 18 max hp (+5).
Your hp is fully restored (18).
Your mp is fully restored (2).
A kobold comes into view. It is wielding a +0 short sword.
Unknown command.
The helpless rat fails to defend itself.
You tentacle-slap the rat.
You kill the rat!
Unknown command.
The helpless goblin fails to defend itself.
You tentacle-slap the goblin.
You kill the goblin!
Unknown command.
No target in view!
Things that are here:
a +4 dagger; a goblin corpse A kobold is nearby!
You see here a ball python corpse.
A kobold is nearby!
The kobold shouts!
The kobold hits you with a +0 short sword. 😕 HP[-4]
You take 4 damage, and now have 14/18 hp.
MASSIVE DAMAGE!! (PAUSE)
You barely miss the kobold. You grab the kobold. You constrict the kobold.
The kobold hits you with a +0 short sword. 😮 HP[-3]
You take 3 damage, and now have 11/18 hp.
You tentacle-slap the kobold.
You kill the kobold! 😮 HP[+1]
A frilled lizard comes into view.
Things that are here:
a +0 short sword; a kobold corpse You are too injured to fight recklessly!
Unknown command.
You are too injured to fight recklessly!
A frilled lizard is nearby!
A frilled lizard is nearby!
A frilled lizard is nearby!
You are too injured to fight recklessly!
A frilled lizard is nearby!
Unknown command.
You are too injured to fight recklessly!
The frilled lizard hisses angrily.
You tentacle-slap the frilled lizard but do no damage.
Your grab misses the frilled lizard. You tentacle-slap the frilled lizard.
You kill the frilled lizard! 😮 HP[+1]
You are too injured to fight recklessly!
Unknown command.
Key pressed, stopping explore.
You are too injured to fight recklessly!
Key pressed, stopping explore.
No target in view!
Key pressed, stopping explore.
f - a scroll labelled TADWIS ZIRA Unknown command. 😎 HP[+5]
Your hp is fully restored (18).
No target in view!
A quokka comes into view.
Found 4 stones and a glowing orb.
Found a stone staircase leading down.
A quokka is nearby!
A gnoll, a rat and a kobold come into view.
There are monsters nearby!
Unknown command.
There are monsters nearby!
You tentacle-slap the quokka.
You kill the quokka!
The gnoll shouts!
The rat barely misses you.
Unknown command.
The rat misses you.
You barely miss the gnoll.
The kobold shouts!
Your grab misses the gnoll. You squeeze the gnoll.
The rat bites you but does no damage.
The gnoll hits you with a +0 whip. 😮 HP[-6]
You take 6 damage, and now have 12/18 hp.
MASSIVE DAMAGE!! (PAUSE)
You are too injured to fight recklessly!
You are too injured to fight recklessly!
You tentacle-slap the gnoll. Your grab misses the gnoll.
Your squeeze misses the gnoll. The rat misses you.
The gnoll closely misses you.
Unknown command.
You barely miss the gnoll. You grab the gnoll. You constrict the gnoll.
The kobold misses you. The rat barely misses you.
The gnoll hits you with a +0 whip.
* * * LOW HITPOINT WARNING * * *
😨 HP[-3]
You take 3 damage, and now have 9/18 hp.
You tentacle-slap the gnoll but do no damage.
You constrict the gnoll. The kobold hits you with a +0 dagger.
* * * LOW HITPOINT WARNING * * *
The rat misses you. The gnoll hits you with a +0 whip!
Ouch! That really hurt!
You die...

Skill      XL: |  1 |
---------------+----+-----
Stealth        | 1 |  1.4
Fighting       | |  1.0
Dodging        | |  2.0
Unarmed Combat | |  3.2
Shapeshifting  | |  3.2

Action                     || total
---------------------------++-------
  Melee: Unarmed           ||    19
         Constrict         ||     5
         Tentacles         ||     3
         Punch             ||     1
   Stab: Sleeping          ||     5
 Armour: Skin              ||     9
  Dodge: Dodged            ||    11

Levels and vault maps discovered:
D:1:      eino_arrival_tree_alley, layout_rooms, serial_curves, eino_curves_02,
          eino_curves_01, eino_curves_01

Notes
Turn   | Place    | Note
-------+----------+-------------------------------------------
     0 | D:1      | ytrimaz the Octopode Shapeshifter began the quest for the
                  | Orb.
     0 | D:1      | Reached XP level 1. HP: 13/13 MP: 1/1
     0 | D:1      | magus.rc [v1.9.6]
    99 | D:1      | Reached skill level 1 in Stealth
   120 | D:1      | Reached XP level 2. HP: 18/18 MP: 2/2
   189 | D:1      | Slain by a gnoll

Vanquished Creatures
  A ball python (D:1)
  2 goblins (D:1)
  A quokka (D:1)
  2 bats (D:1)
  A frilled lizard (D:1)
  3 kobolds (D:1)
  2 rats (D:1)
12 creatures vanquished.

Table legend:
 A = Non-vault XP
 B = Vault XP
 C = Vault XP percentage of total XP
 D = Non-vault monster count
 E = Vault monster count
 F = Vault count percentage of total count
                 A         B        C        D         E       F
            +---------+---------+-------+---------+---------+-------
      Total |      17 |       0 |   0.0 |      12 |       0 |   0.0
            +---------+---------+-------+---------+---------+-------
        D:1 |      17 |       0 |   0.0 |      12 |       0 |   0.0
            +---------+---------+-------+---------+---------+-------

Skill      XL: |  1 |
---------------+----+-----
Stealth        | 1 |  1.4
Fighting       | |  1.0
Dodging        | |  2.0
Unarmed Combat | |  3.2
Shapeshifting  | |  3.2

Action                     || total
---------------------------++-------
  Melee: Unarmed           ||    19
         Constrict         ||     5
         Tentacles         ||     3
         Punch             ||     1
   Stab: Sleeping          ||     5
 Armour: Skin              ||     9
  Dodge: Dodged            ||    11

Illustrated notes

Table legend:
 A = Kills in this place as a percentage of kills in the entire game.
 B = Kills by you in this place as a percentage of kills by you in the entire game.
 C = Kills by friends in this place as a percentage of kills by friends in the entire game.
 D = Other kills in this place as a percentage of other kills in the entire game.
 E = Experience gained in this place as a percentage of experience gained in the entire game.
 F = Experience gained in this place divided by the number of levels of this place that you have seen.
                   A       B       C       D       E      F
               +-------+-------+-------+-------+-------+----------------------
         Total | 100.0 | 100.0 |   N/A |   N/A | 100.0 |  17.0
       Dungeon | 100.0 | 100.0 |   N/A |   N/A | 100.0 |  17.0
               +-------+-------+-------+-------+-------+----------------------

Table legend: (Time is in decaauts)
 A = Elapsed time spent in this place.
 B = Non-inter-level travel time spent in this place.
 C = Inter-level travel time spent in this place.
 D = Time resting spent in this place.
 E = Time spent auto-exploring this place.
 F = Levels seen in this place.
 G = Mean time per level.
                   A        B        C        D        E       F      G
               +--------+--------+--------+--------+--------+-----+--------+
         Total |    187 |    187 |      0 |      0 |    108 |   1 |  187.0 |
       Dungeon |    187 |    187 |      0 |      0 |    108 |   1 |  187.0 |
               +--------+--------+--------+--------+--------+-----+--------+

Top non-repeatable levels by time:
     D:1: 187 daAuts
